 Dungeon Crawl Stone Soup version 0.19-a0-277-g85cb9a5 (webtiles) character file.

245530 mistymad the Tortoise (level 19, -14/127 HPs)
             Began as a Gargoyle Fighter on May 26, 2016.
             Was the Champion of Okawaru.
             Demolished by an orc warrior
             ... wielding a +0 glaive
             ... led by an orc knight
              (20 damage)
             ... on level 2 of the Vaults.
             The game lasted 02:46:51 (44402 turns).

mistymad the Tortoise (Gargoyle Fighter)           Turns: 44402, Time: 02:46:52

Health: -14/127    AC: 42    Str: 24    XL:     19   Next: 48%
Magic:  0/26       EV: 21    Int: 12    God:    Okawaru [******]
Gold:   2345       SH: 18    Dex: 21    Spells: 1 memorised, 16 levels left

rFire  + + .     SeeInvis +     q - +9 eveningstar (holy)
rCold  + . .     Gourm    .     a - +0 plate armour of Discretion {Int-2 Dex+8 SInv} (curse)
rNeg   + . .     Faith    .     S - +1 shield {reflect}
rPois  ∞         Spirit   +     j - +0 helmet
rElec  +         Dismiss  .     w - +1 cloak {+Inv}
rCorr  .         Reflect  +     c - +0 pair of gloves {Str+3}
SustAt +         Harm     .     h - +0 pair of boots
MR     +....                    u - amulet of Leaves {Spirit rElec rF+ rC+ Stlth+}
Stlth  +.........               t - ring of sustain attributes
                                k - ring of protection from fire

@: heroism, somewhat resistant to hostile enchantments, very unstealthy
A: big wings, camouflage 1, clever 1, negative energy resistance 1, electricity
resistance, unbreathing, petrification resistance, rot immunity, AC +13
a: Fly, Heroism, Finesse, Renounce Religion, Evoke Invisibility
}: 2/15 runes: decaying, gossamer


You were on level 2 of the Vaults.
You worshipped Okawaru.
Okawaru was exalted by your worship.
You were hungry.

You visited 7 branches of the dungeon, and saw 35 of its levels.
You also visited: Sewer, Bailey, Ice Cave and Volcano.

You collected 3980 gold pieces.
You spent 1635 gold pieces at shops.

Inventory:

Hand Weapons
 q - a +9 eveningstar of holy wrath (weapon)
Armour
 a - the cursed +0 plate armour of Discretion (worn) {Int-2 Dex+8 SInv}
   (You bought it in a shop on level 2 of the Orcish Mines)

   It affects your intelligence (-2).
   It affects your dexterity (+8).
   It lets you see invisible.
   It has a curse placed upon it.
 c - a +0 pair of gloves of strength (worn)
 h - a +0 pair of boots (worn)
 j - a +0 helmet (worn)
 w - a +1 cloak of invisibility (worn)
 S - a +1 shield of reflection (worn)
Jewellery
 k - a ring of protection from fire (left hand)
 t - a ring of sustain attributes (right hand)
 u - the amulet of Leaves (around neck) {Spirit rElec rF+ rC+ Stlth+}
   (You acquired it on level 4 of the Spider Nest)

   [amulet of guardian spirit]

   It causes incoming damage to be split between your health and magic.
   It protects you from fire.
   It protects you from cold.
   It insulates you from electricity.
   It makes you more stealthy.
 T - an uncursed ring of protection from cold
Wands
 i - a wand of digging (8/24)
 L - a wand of digging (8/24)
Scrolls
 e - 3 scrolls of magic mapping
 g - 12 scrolls of teleportation
 l - a scroll of summoning
 m - 12 scrolls of remove curse
 o - 5 scrolls of recharging
 p - 3 scrolls of fear
 s - a scroll of enchant weapon
 C - 4 scrolls of fog
 F - 4 scrolls of enchant armour
 M - 7 scrolls of blinking
 P - 3 scrolls of silence
 R - 4 scrolls of holy word
Potions
 b - 3 potions of cancellation
 r - 9 potions of haste
 D - 4 potions of mutation
 E - 3 potions of flight {unknown}
 G - 4 potions of invisibility
 H - a potion of cure mutation {unknown}
 J - 5 potions of heal wounds {unknown}
 K - 9 potions of curing
 N - 4 potions of resistance
 Q - 4 potions of berserk rage
 U - 9 potions of might
 V - 4 potions of brilliance
 Z - 3 potions of agility
Miscellaneous
 v - a phial of floods
 x - a fan of gales
 W - a sack of spiders
 Y - a lamp of fire
Comestibles
 d - 4 slices of pizza
 f - 20 bread rations
 n - 13 meat rations
 z - 5 chunks of flesh
 A - 12 royal jellies
 B - 9 beef jerkies
 O - 24 fruits


   Skills:
 + Level 16.4(21.4) Fighting
 + Level 15.0(20.0) Maces & Flails
 + Level 16.4(21.4) Armour
 + Level 12.8(17.8) Dodging
 + Level 16.1(21.1) Shields
 - Level 9.5 Invocations


You had 16 spell levels left.
You knew the following spells:

 Your Spells              Type           Power        Failure   Level  Hunger
a - Repel Missiles        Chrm/Air       #.....       99%         2    ###....


Dungeon Overview and Level Annotations

Branches:
Dungeon (14/15)            Temple (1/1) D:6            Lair (8/8) D:10
  Swamp (4/4) Lair:3       Spider (4/4) Lair:3        Slime (0/6) Lair:7
    Orc (2/2) D:11            Elf (0/3) Orc:2        Vaults (2/5) D:13
  Crypt: Vaults:2-3

Altars:
Ashenzari
Cheibriados
Dithmenos
Elyvilon
Fedhas
Gozag
Hepliaklqana
Kikubaaqudgha
Makhleb
Nemelex Xobeh
Okawaru
Pakellas
Qazlal
Ru
Sif Muna
Trog
Ukayaw
Vehumet
Xom
Yredelemnul
Zin
The Shining One
Beogh

Shops:
D:8 *%   Orc:2 =*%!!

Portals:
Trove: D:14 (give 15 potions of curing)

Annotations:
Spider:3 Mara


Innate Abilities, Weirdness & Mutations

You are resistant to torment.
Your stone body is resilient (AC +13).
You are immune to poison.
Your large and strong wings let you fly indefinitely.
You resist negative energy. (rN+)
You are resistant to electric shocks. (rElec)
You can survive without breathing.
You are immune to petrification.
You are immune to rotting.
Your skin changes colour to match your surroundings (Stealth+).
Your mind is acute. (Int +2)


Message History

You kill the orc warrior!
Okawaru accepts your kill.
The orc knight shoots a bolt.
The bolt barely misses you.
You block the orc's attack. x2; You block the orc warrior's attack.
You are too injured to fight recklessly!
You thump the orc warrior!
The orc warrior is heavily wounded.
You block the orc's attack. x2
The orc warrior hits you but does no damage.
The orc warrior closely misses you.
You puncture the orc warrior!
You kill the orc warrior!
Okawaru accepts your kill.
The orc knight shoots a bolt.
You reflect the bolt off your +1 shield of reflection!
The bolt hits the orc knight!!
You barely miss the orc. The orc completely misses you.
You block the orc warrior's attack. You block the orc's attack.
The orc warrior hits you from afar with a glaive!!
You die...

########
#......#
#......#
#...ooo#
#...o<@#
#(...o)#
#......#
#####+##


You could see an orc knight, 2 orc warriors and 2 orcs.

Vanquished Creatures
  Nikola (Swamp:4)
  Arachne (Spider:4)
  Asterion (Vaults:2)
  Kirke (Lair:7)
  6 thorn hunters
  Wiglaf (Spider:4)
  4 emperor scorpions
  6 ghost moths (Spider:4)
  An orc warlord (Orc:2)
  3 spark wasps
  A fire dragon (Lair:8)
  An entropy weaver (Spider:4)
  An ice dragon (Lair:8)
  25 hydras
  A rakshasa (D:14)
  3 centaur warriors
  4 ghost crabs
  A death knight (D:13)
  2 ogre magi
  7 alligators
  11 death yaks
  A queen ant (Spider:1)
  Urug (D:11)
  A tengu warrior (D:14)
  4 spriggans
  2 deep elf knights
  A shadow wraith (Vaults:1)
  5 skeletal warriors (D:13)
  3 unseen horrors
  3 spriggan druids
  A flayed ghost (Vaults:1)
  3 shambling mangroves
  16 swamp dragons
  2 deep trolls (Orc:1)
  2 lindwurms (Lair:8)
  6 orc knights
  20 orb spiders
  5 hill giants
  4 deep elf magi (Volcano)
  3 ironbrand convokers (Vaults:1)
  2 necromancers
  2 orc sorcerers (Orc:1)
  26 wolf spiders
  2 human zombies (Vaults:1)
  3 ugly things
  2 cyclopes
  A manticore (D:12)
  16 hornets
  2 griffons
  9 slime creatures
  2 moths of wrath
  The ghost of ololoev the Destroyer, a novice DEFE of Sif Muna (D:9)
  A human skeleton (Vaults:1)
  12 elephants (Lair:8)
  6 torpor snails
  2 gargoyles
  3 black mambas
  22 spiny frogs
  7 komodo dragons
  2 kobold demonologists
  3 freezing wraiths
  6 rime drakes
  8 demonic crawlers
  A queen bee (Lair:5)
  16 trolls
  A tengu conjurer (D:14)
  14 giant leeches
  42 jumping spiders
  A polar bear (Lair:2)
  Grinder (D:3)
  11 two-headed ogres
  25 blink frogs
  9 bog bodies
  2 boulder beetles
  60 redbacks
  4 water elementals (D:13)
  5 shadows
  7 hogs (Lair:7)
  29 tarantellas
  A wraith (D:13)
  70 yaks
  A vampire (D:10)
  Eustachio (D:4)
  9 basilisks
  3 steam dragons
  20 hippogriffs
  8 vampire mosquitoes
  2 mottled dragons
  6 wargs
  23 soldier ants
  25 swamp worms
  24 insubstantial wisps
  2 giant eyeballs (D:10)
  16 water moccasins
  18 porcupines
  16 swamp drakes
  31 orc warriors
  An ice beast (D:6)
  24 wasps
  4 black bears
  A phantom (D:12)
  3 boggarts (Vaults:1)
  5 sky beasts
  3 necrophages
  30 ogres
  21 wolves
  14 centaurs
  24 crocodiles
  A wyvern zombie (D:12)
  30 giant frogs
  4 scorpions
  A wyvern skeleton (D:10)
  23 killer bees
  3 wights (D:9)
  2 howler monkeys (D:10)
  2 electric eels
  6 crimson imps
  3 centaur zombies
  A wasp zombie (D:8)
  A giant frog zombie (D:12)
  9 hounds
  A quasit (D:13)
  7 jellies
  A giant frog skeleton (D:4)
  12 orc priests
  3 centaur skeletons
  Jessica (D:2)
  24 iguanas
  25 orc wizards
  A boulder beetle simulacrum (Vaults:1)
  33 worker ants
  A killer bee zombie (D:5)
  15 sheep
  A centaur simulacrum (IceCv)
  A hound zombie (D:6)
  2 worker ant zombies
  12 adders
  A gnoll (Bailey)
  An ogre simulacrum (IceCv)
  53 river rats
  10 shadow imps
  A white imp (IceCv)
  An ufetubus (IceCv)
  4 oozes
  20 worms
  A dart slug (D:3)
  4 giant geckos
  92 orcs
  11 giant cockroaches
  6 goblins
  8 hobgoblins
  23 jackals
  8 quokkas
  5 ball pythons
  7 bats (D:2)
  9 giant newts
  A jackal zombie (D:8)
  5 kobolds
  2 quokka zombies (D:5)
  7 rats
  A spectral orc (D:8)
  2 briar patches (Swamp:3)
  A plant (Lair:7)
1449 creatures vanquished.

Vanquished Creatures (others)
  The ghost of herpmino the Impaler, an adept FoFi of Hepliaklqana (Swamp:4)
  A centaur warrior (Vaults:1)
  A cyclops (Orc:2)
  A spiny frog (Lair:5)
  A giant leech (Swamp:4)
  3 spriggans (Swamp:4)
  A wasp (Swamp:4)
  3 white imps (IceCv)
  12 kobolds (Bailey)
  3 briar patches
  A bush (Lair:8)
  71 fungi
  71 plants
170 creatures vanquished.

Grand Total: 1619 creatures vanquished

Notes
Turn   | Place    | Note
--------------------------------------------------------------
     0 | D:1      | mistymad the Gargoyle Fighter began the quest for the Orb.
     0 | D:1      | Reached XP level 1. HP: 14/14 MP: 1/1
   354 | D:1      | Reached XP level 2. HP: 13/19 MP: 2/2
   921 | D:2      | Reached XP level 3. HP: 7/24 MP: 3/3
  1183 | D:2      | Found a blossoming altar of Fedhas.
  1369 | D:2      | Noticed Jessica
  1391 | D:2      | Killed Jessica
  1391 | D:2      | Reached XP level 4. HP: 11/29 MP: 4/4
  1947 | D:2      | Noticed an ogre
  2013 | D:2      | Found a stormy altar of Qazlal.
  2112 | D:2      | Found a hazy altar of Hepliaklqana.
  2112 | D:2      | Found an opulent altar of Gozag.
  2466 | D:3      | Found a bloodstained altar of Trog.
  2466 | D:3      | Found a snail-covered altar of Cheibriados.
  2585 | D:3      | Reached skill level 1 in Dodging
  2585 | D:3      | Reached XP level 5. HP: 29/34 MP: 5/5
  2763 | D:3      | Noticed Grinder
  2785 | D:3      | Paralysed by Grinder for 6 turns
  2792 | D:3      | Paralysed by Grinder for 3 turns
  2798 | D:3      | Paralysed by Grinder for 5 turns
  2804 | D:3      | Killed Grinder
  2804 | D:3      | Reached XP level 6. HP: 17/40 MP: 6/6
  3002 | D:3      | Found a shadowy altar of Dithmenos.
  3007 | D:3      | Reached skill level 5 in Fighting
  3379 | D:4      | Reached XP level 7. HP: 44/44 MP: 7/7
  3512 | D:4      | Noticed Eustachio
  3538 | D:4      | Killed Eustachio
  3538 | D:4      | Reached skill level 5 in Armour
  4082 | D:5      | Entered Level 5 of the Dungeon
  4131 | D:5      | Reached skill level 5 in Shields
  4193 | D:5      | Reached XP level 8. HP: 51/51 MP: 8/8
  4377 | D:5      | Got a brightly glowing chain mail
  4388 | D:5      | Identified the +4 chain mail of Waschap {-Cast rC+ Str+4} (You found it on level 5 of the Dungeon)
  4660 | D:5      | Found Icudyn's Gadget Shop.
  5014 | D:6      | Found a staircase to the Ecumenical Temple.
  5171 | D:6      | Reached skill level 5 in Maces & Flails
  5217 | Temple   | Entered the Ecumenical Temple
  5395 | D:6      | Reached XP level 9. HP: 53/56 MP: 9/9
  5402 | D:6      | Found a glowing drain.
  5410 | Sewer    | Entered a sewer
  6053 | D:6      | Found a white marble altar of Elyvilon.
  6346 | D:7      | Found a blossoming altar of Fedhas.
  6425 | D:7      | Found a flagged portal.
  6436 | Bailey   | Entered a bailey
  6505 | Bailey   | Noticed an orc knight
  6505 | Bailey   | Noticed an orc knight
  6532 | Bailey   | Killed an orc knight
  6539 | Bailey   | Killed an orc knight
  7340 | D:7      | Reached XP level 10. HP: 64/64 MP: 10/10
  7518 | D:8      | Reached skill level 5 in Dodging
  7555 | D:8      | Found Meufin's Assorted Antiques.
  7565 | D:8      | Bought a glowing ivory wand for 96 gold pieces
  7581 | D:8      | Found a basalt altar of Yredelemnul.
  7835 | D:8      | Found an iron altar of Okawaru.
  7854 | D:8      | Became a worshipper of Warmaster Okawaru
  8033 | D:8      | Found Lureicefusk's Food Boutique.
  8338 | D:8      | Found a stormy altar of Qazlal.
  8438 | D:9      | Got a warped glaive
  8466 | D:9      | Noticed ololoev's ghost (novice DEFE)
  8475 | D:9      | Killed ololoev's ghost
  8485 | D:9      | Reached skill level 1 in Invocations
  8582 | D:9      | Reached * piety under Okawaru
  8626 | D:9      | Found an oddly glowing altar of Pakellas.
  8902 | D:9      | Reached ** piety under Okawaru
  9172 | D:10     | Entered Level 10 of the Dungeon
  9278 | D:9      | Reached XP level 11. HP: 18/69 MP: 10/13
  9677 | D:10     | Reached *** piety under Okawaru
  9794 | D:10     | Found a staircase to the Lair.
 10102 | Lair:1   | Entered Level 1 of the Lair of Beasts
 10122 | Lair:1   | Reached **** piety under Okawaru
 10122 | Lair:1   | Received a gift from Okawaru
 10353 | D:10     | Gained mutation: Your skin changes colour to match your surroundings (Stealth+). [mutagenic meat]
 10354 | D:10     | Gained mutation: Your mind is acute. (Int +2) [mutagenic meat]
 10385 | D:10     | Paralysed by a giant eyeball for 3 turns
 10390 | D:10     | Paralysed by a giant eyeball for 3 turns
 10395 | D:10     | Paralysed by a giant eyeball for 3 turns
 10403 | D:10     | Paralysed by a giant eyeball for 2 turns
 10661 | D:10     | Reached ***** piety under Okawaru
 10696 | D:10     | Reached skill level 5 in Invocations
 11232 | Lair:1   | Reached XP level 12. HP: 77/77 MP: 15/15
 11904 | Lair:1   | Reached skill level 10 in Fighting
 12127 | Lair:2   | Received a gift from Okawaru
 12266 | Lair:2   | Reached skill level 10 in Armour
 12408 | Lair:2   | Found a dark tunnel.
 12422 | Volcano  | Entered a volcano
 12442 | Volcano  | Found a radiant altar of Vehumet.
 12447 | Volcano  | Noticed a deep elf knight
 12473 | Volcano  | Killed a deep elf knight
 13656 | Lair:3   | Received a gift from Okawaru
 13673 | Lair:3   | Reached skill level 10 in Shields
 14328 | Lair:3   | Found a hole to the Spider Nest.
 14845 | Lair:3   | Reached XP level 13. HP: 79/83 MP: 18/18
 15042 | Lair:3   | Found a staircase to the Swamp.
 16011 | Lair:4   | Received a gift from Okawaru
 16011 | Lair:4   | Reached skill level 10 in Maces & Flails
 18978 | Lair:6   | Gained mutation: Your large and strong wings let you fly indefinitely. [Gargoyle growth]
 18978 | Lair:6   | Reached XP level 14. HP: 76/90 MP: 20/20
 18991 | Lair:6   | Reached ****** piety under Okawaru
 19204 | Lair:7   | Found a staircase to the Slime Pits.
 19345 | Lair:7   | Received a gift from Okawaru
 19654 | Lair:7   | Noticed Kirke
 19668 | Lair:7   | Killed Kirke
 20130 | Lair:8   | Entered Level 8 of the Lair of Beasts
 20894 | Lair:8   | Received a gift from Okawaru
 20905 | Lair:8   | Got a faintly humming plate armour {god gift}
 20916 | Lair:8   | Identified the +6 plate armour of Okawaru's Regard {Dex+2} (Okawaru gifted it to you on level 8 of the Lair of Beasts)
 20925 | Lair:8   | Found a runed door.
 21884 | Lair:8   | Reached XP level 15. HP: 41/97 MP: 22/22
 23082 | Swamp:1  | Entered Level 1 of the Swamp
 23343 | Swamp:1  | Received a gift from Okawaru
 24475 | Swamp:2  | Noticed a thorn hunter
 24497 | Swamp:2  | Killed a thorn hunter
 24497 | Swamp:2  | Reached skill level 10 in Dodging
 24726 | Swamp:2  | Noticed a thorn hunter
 24744 | Swamp:2  | Killed a thorn hunter
 25048 | Swamp:2  | Received a gift from Okawaru
 26117 | Swamp:3  | Reached XP level 16. HP: 100/104 MP: 23/23
 26450 | Swamp:3  | Received a gift from Okawaru
 26458 | Swamp:3  | Found a frozen archway.
 26466 | IceCv    | Entered an ice cave
 26807 | Swamp:3  | Noticed a thorn hunter
 26829 | Swamp:3  | Killed a thorn hunter
 27160 | Swamp:3  | Noticed a thorn hunter
 27173 | Swamp:3  | Killed a thorn hunter
 27756 | Swamp:4  | Entered Level 4 of the Swamp
 28010 | Spider:1 | Entered Level 1 of the Spider Nest
 29026 | Spider:1 | Identified a scroll of acquirement
 30077 | Spider:2 | Received a gift from Okawaru
 30614 | Spider:2 | Reached XP level 17. HP: 41/111 MP: 16/24
 31742 | Spider:3 | Got an ancient rapier
 31743 | Spider:3 | Identified the cursed +1 rapier "Kozxuuc" {pierce, rC+} (You found it on level 3 of the Spider Nest)
 31816 | Spider:3 | Noticed Mara
 32365 | D:11     | Noticed Urug
 32379 | D:11     | Killed Urug
 32472 | D:11     | Learned a level 2 spell: Repel Missiles
 33184 | D:11     | Found a staircase to the Orcish Mines.
 33409 | Orc:1    | Entered Level 1 of the Orcish Mines
 35453 | D:13     | Found a gate to the Vaults.
 35471 | D:13     | Received a gift from Okawaru
 36154 | D:14     | Found a portal to a secret trove of treasure.
 36268 | D:14     | Reached skill level 15 in Fighting
 36299 | D:14     | Reached skill level 15 in Armour
 37033 | Swamp:4  | Received a gift from Okawaru
 37096 | Swamp:4  | Reached XP level 18. HP: 40/119 MP: 20/25
 37769 | Swamp:4  | Got a decaying rune of Zot
 37844 | Swamp:4  | Reached skill level 15 in Shields
 37928 | Swamp:4  | Noticed herpmino's ghost (adept FoFi)
 37973 | Swamp:4  | Killed herpmino's ghost
 38085 | Swamp:4  | Noticed Nikola
 38129 | Swamp:4  | Killed Nikola
 39259 | Spider:4 | Entered Level 4 of the Spider Nest
 39428 | Spider:4 | Received a gift from Okawaru
 40326 | Spider:4 | Noticed Arachne
 40375 | Spider:4 | Killed Arachne
 40916 | Spider:4 | Received a gift from Okawaru
 41032 | Spider:4 | Noticed Wiglaf
 41084 | Spider:4 | Killed Wiglaf
 41270 | Spider:4 | Got a scorched copper amulet
 41272 | Spider:4 | Identified the amulet of Leaves {Spirit rElec rF+ rC+ Stlth+} (You acquired it on level 4 of the Spider Nest)
 41337 | Spider:4 | Reached XP level 19. HP: 108/125 MP: 0/26
 41606 | Spider:4 | Got a gossamer rune of Zot
 41745 | Spider:3 | Noticed mistymad's illusion
 42024 | Orc:2    | Entered Level 2 of the Orcish Mines
 42024 | Orc:2    | Found Ymmoalouso's Food Boutique.
 42025 | Orc:2    | Found Ulubucal's Distillery.
 42426 | Orc:2    | Found Vuovos's Jewellery Boutique.
 42473 | Orc:2    | Found Oqezo's Distillery.
 42474 | Orc:2    | Found Luudwoq's General Store.
 42477 | Orc:2    | Bought a potion of curing for 42 gold pieces
 42477 | Orc:2    | Bought a potion of might for 56 gold pieces
 42477 | Orc:2    | Bought a potion of invisibility for 112 gold pieces
 42477 | Orc:2    | Bought a potion of agility for 56 gold pieces
 42477 | Orc:2    | Bought a potion of curing for 42 gold pieces
 42477 | Orc:2    | Bought a potion of mutation for 35 gold pieces
 42494 | Orc:2    | Bought a potion of haste for 130 gold pieces
 42494 | Orc:2    | Bought a potion of resistance for 130 gold pieces
 42494 | Orc:2    | Bought a potion of agility for 52 gold pieces
 42508 | Orc:2    | Found a staircase to the Elven Halls.
 42544 | Orc:2    | Found a shimmering altar of Xom.
 42598 | Orc:2    | Found a roughly hewn altar of Beogh.
 43616 | Orc:1    | You fall through a shaft!
 43677 | Orc:2    | Bought the cursed +0 plate armour of Discretion {Int-2 Dex+8 SInv} for 700 gold pieces
 43677 | Orc:2    | Bought a +0 pair of gloves of strength for 184 gold pieces
 43886 | Vaults:1 | Entered Level 1 of the Vaults
 44092 | Vaults:1 | Reached skill level 15 in Maces & Flails
 44353 | Vaults:1 | Noticed Asterion
 44392 | Vaults:2 | HP: 4/126 [orc warrior/battleaxe[an orc knight] (14)]
 44396 | Vaults:2 | Killed Asterion
 44402 | Vaults:2 | Demolished by an orc warrior

Vault maps used:
D:1:      arrival_zaba_pyramid
D:2:      lemuel_doored_altar, gammafunk_temple_overflow_wave,
          serial_bayou_pond_d, nicolae_qazlal_eye_of_the_storm, uniq_jessica
D:3:      grunt_dithmenos_smoke, gammafunk_temple_overflow_elements,
          first_bread, uniq_grinder
D:4:      uniq_eustachio
D:5:      serial_shops, shop
D:6:      minmay_temple_entry_junction, lightli_sewer_entry_pipes,
          elyvilon_altar_3
D:7:      enter_bailey_2, grunt_ogre_cave, hangedman_abyss_or_decor_stabs,
          fedhas_altar_2
D:8:      black_bear_nest_2, yredelemnul_forgotten_temple_becter,
          marbit_many_paths, old_standard_altar, serial_shops,
          nicolae_shop_stone, shop
D:9:      grunt_pakellas_basics
D:10:     kennysheep_blocky_hall, minmay_lair_entry_grove, onia_ninara_cookie
D:11:     orc_0_dummy, uniq_urug
D:13:     david_vaults_1, nicolae_underground_beach
D:14:     nrook_uturn, nicolae_trove_entry_columns, minmay_strange_pillars
Temple:   zaba_magenta_temple_12
Lair:1:   minivault_19, infiniplex_staircase_pool
Lair:2:   enter_volcano_4
Lair:3:   nicolae_swamp_entry_splash_gauntlet, spider_nest_entry_web_field,
          serial_bayou_pond_d, beast_lair_carwin_10
Lair:4:   beast_lair_carwin_4
Lair:5:   special_room, infiniplex_staircase_pool_2, lemuel_fruit_tree
Lair:7:   nicolae_slime_entry_slimehenge, uniq_kirke
Lair:8:   wormcave, guppyfry_lair_end_dragon, grunt_megastairs_2
Swamp:1:  evilmike_swamp_ruin_house_2, swamp_pool5
Swamp:2:  wheals_swamp_sinkhole
Swamp:3:  portal_ice_cave_entry_pillars_1, hangedman_swamp_blocks
Swamp:4:  swamp_alternative, swamp_pool2, uniq_nikola
Spider:1: zaba_anthell
Spider:3: spiders_nest_wasp_nest, uniq_mara
Spider:4: johnstein_spider_rune_arachne_lair, uniq_wiglaf
Orc:2:    st_orc_open, basic_altar, serial_shops, nicolae_shop_crystal,
          minmay_orc_temple_a
Vaults:1: nicolae_vaults_asterisk, ontoclasm_vaults_hangar,
          nicolae_vaults_what_the_h, nicolae_vaults_big_ls,
          vaults_room_grunt_arrival_ludios, vaults_room_hallway, uniq_asterion
Vaults:2: v_alt_pattern_6, minmay_crypt_entry_nasty_monster,
          grunt_vaults_diagonal, nicolae_vaults_network_star,
          ontoclasm_vaults_shuriken, vaults_dpeg_cross, dpeg_vaults_monster_box,
          nicolae_vaults_little_squares_4, ontoclasm_vaults_decontamination,
          hangedman_vaults_nails, v_alt_pattern_5, serial_glass
Sewer:    sewer_frog_island_01
Bailey:   bailey_axe_1, bailey
IceCv:    ice_cave_caverns_02
Volcano:  kennysheep_volcano_temple

Skill      XL: |  1  2  3  4  5  6  7  8  9 10 11 12 13 14 15 16 17 18 19 |
---------------+----------------------------------------------------------+-----
Fighting       | 4 5 6 7 8 9 10 11 12 13 14 15 16 | 16.4
Maces & Flails | 3 4 5 6 7 8 9 10 11 12 13 14 15 | 15.0
Armour         | 4 5 6 7 8 9 10 11 12 13 14 15 16 | 16.4
Dodging        | 1 2 3 4 5 6 7 8 9 10 11 12 | 12.8
Shields        | 4 5 7 8 9 10 11 12 13 14 15 16 | 16.1
Invocations    | 3 5 7 8 9 |  9.5

Action                   |  1- 3 |  4- 6 |  7- 9 | 10-12 | 13-15 | 16-18 | 19-21 || total
-------------------------+-------+-------+-------+-------+-------+-------+-------++-------
Melee: Flail             |   145 |    76 |       |       |       |       |       ||   221
       Morningstar       |       |    68 |   391 |   853 |  1846 |  2292 |       ||  5450
       Eveningstar       |       |       |       |       |       |   455 |   468 ||   923
Invok: Heroism           |       |       |       |     2 |    12 |    12 |     1 ||    27
       Finesse           |       |       |       |     1 |     3 |     7 |       ||    11
 Abil: Fly               |       |       |       |       |     2 |     3 |       ||     5
       Stop Flying       |       |       |       |       |     2 |     3 |       ||     5
Evoke: Wand              |       |       |       |       |     4 |     2 |       ||     6
  Use: Potion            |     1 |       |     2 |       |       |     1 |       ||     4
       Scroll            |       |     1 |     7 |    10 |     8 |    16 |       ||    42
 Stab: Confused          |       |       |       |       |     3 |     1 |       ||     4
  Eat: Chunk             |     2 |     6 |    14 |    28 |    38 |    48 |    10 ||   146
       Fruit             |       |       |       |       |     2 |     6 |       ||     8
Armor: Scale mail        |    98 |    75 |    71 |       |       |       |       ||   244
       Chain mail        |       |       |   119 |       |       |       |       ||   119
       Plate armour      |       |       |     5 |   556 |   975 |  1827 |   415 ||  3778
Dodge: Dodged            |    61 |    42 |   129 |   212 |   591 |  1245 |   385 ||  2665
Block: Shield            |   104 |    75 |   298 |   666 |  1448 |  2147 |   605 ||  5343
       Reflection        |       |       |    56 |     9 |     3 |     2 |    17 ||    87
